Devils vs Sabres

Created - 11 novembre 2018 at 17:59

Goals
1 2 3 T
Devils 2 2 1 5
Sabres 1 0 1 2
Shots
1 2 3 T
Devils 9 9 10 28
Sabres 10 8 17 35

1st period

1. Devils , Kevin Hayes 4 (Nicklas Backstrom 8, Dustin Brown 4) at 4:03
2. Sabres , Zach Hyman 5 (Paul Stastny 7) at 6:33
3. Devils , Eric Fehr 4 (Pavel Zacha 5, Jordan Staal 7) at 8:19

Penalties :
Victor Hedman (BUF) for Hooking (Minor) at 12:14

2nd period

4. Devils , Kevin Hayes 5 (Justin Schultz 8) at 0:10
5. Devils , Kevin Hayes 6 (Nicklas Backstrom 9, Ryan Pulock 6) at 7:41 (PP)

Penalties :
Ryan Pulock (NJD) for Hooking (Minor) at 4:03, Victor Hedman (BUF) for Holding (Minor) at 6:33

3rd period

6. Devils , Bo Horvat 10 (Sam Reinhart 6, Darren Helm 8) at 8:32
7. Sabres , Adam Pelech 1 (Justin Bailey 2, Brock Nelson 8) at 10:45

Penalties :
Josh Bailey (BUF) for Hooking (Minor) at 2:12

Goalie Stats

Antti Niemi (NJD), 33 saves from 35 shots - (0.943), W, 10-3-0, 60:00 minutes
Michael Hutchinson (BUF), 15 saves from 16 shots - (0.938), 32:19 minutes
Matt Murray (BUF), 8 saves from 12 shots - (0.667), L, 5-5-2, 27:41 minutes

Players Stats for Devils

Player Name              G  A  P  +/- PIM S  H  SB GA TA FO     MP     PP MP  PK MP  
------------------------------------------------------------------------------------
Antoine Vermette         0  0  0  -1  0   0  0  1  0  0  2/4     3:59   0:00   0:00 
Bo Horvat                1  0  1   1  0   3  1  1  0  0  17/30  19:50   2:26   0:56 
Dakota Mermis            0  0  0  -1  0   0  1  1  0  0  0/0    19:42   0:24   0:57 
Darren Helm              0  1  1   1  0   1  4  0  0  0  0/1    19:54   2:26   0:34 
Dustin Brown             0  1  1   2  0   1  4  2  0  0  0/2    22:09   2:40   0:29 
Eric Fehr                1  0  1   0  0   4  0  0  0  0  0/0    14:01   0:00   0:00 
Jordan Staal             0  1  1   0  0   1  0  0  0  0  10/20  14:30   0:00   0:29 
Justin Schultz           0  1  1   0  0   1  3  4  0  0  0/0    25:46   2:33   1:02 
Kevin Hayes              3  0  3   2  0   4  0  0  0  0  0/0    21:40   2:40   0:00 
Mike Cammalleri          0  0  0  -1  0   0  0  0  0  0  0/1     3:26   0:00   0:00 
Nicklas Backstrom        0  2  2   1  0   2  1  0  0  0  14/28  25:35   2:40   0:56 
Pavel Zacha              0  1  1   0  0   0  0  0  0  0  0/3    14:35   0:00   0:34 
Ryan Pulock              0  1  1   2  2   1  1  1  0  0  0/0    22:09   2:33   0:00 
Sam Reinhart             0  1  1   1  0   8  2  0  0  0  0/0    18:54   2:26   0:00 
Scott Wilson             0  0  0   0  0   1  0  0  0  0  0/0     0:27   0:00   0:00 
Shayne Gostisbehere      0  0  0   1  0   1  7  0  0  0  0/0    23:41   2:33   0:50 
Tim Heed                 0  0  0   0  0   0  0  2  0  0  0/0     7:13   0:00   0:00 
Travis Dermott           0  0  0   2  0   0  2  1  0  0  0/0    20:29   2:09   1:09 

Players Stats for Sabres

Player Name              G  A  P  +/- PIM S  H  SB GA TA FO     MP     PP MP  PK MP  
------------------------------------------------------------------------------------
Adam Pelech              1  0  1  -1  0   3  1  0  0  0  0/0    14:39   0:00   0:49 
Anders Lee               0  0  0  -1  0   6  0  0  0  0  2/3    19:51   1:05   0:51 
Brett Connolly           0  0  0  -1  0   0  0  0  0  0  0/1     7:36   0:00   0:00 
Brock Nelson             0  1  1  -1  0   3  1  0  0  0  10/22  16:22   0:54   3:10 
Dan Girardi              0  0  0  -1  0   0  2  0  0  0  0/0    17:02   1:05   2:07 
Jake McCabe              0  0  0   1  0   1  3  2  0  0  0/0    19:36   1:05   1:03 
Jason Zucker             0  0  0   1  0   1  1  0  0  0  0/2    16:00   0:54   0:00 
Josh Bailey              0  0  0  -1  2   4  2  0  0  0  0/1    20:04   1:05   1:05 
Josh Ho-Sang             0  0  0  -1  0   1  0  0  0  0  0/0    12:18   0:00   0:00 
Justin Bailey            0  1  1  -1  0   2  2  0  0  0  1/2    12:18   0:00   0:00 
Kyle Criscuolo           0  0  0  -1  0   0  0  0  0  0  5/7     7:36   0:00   0:00 
Kyle Turris              0  0  0  -1  0   1  2  0  0  0  13/22  19:00   1:05   0:00 
Paul Stastny             0  1  1   1  0   1  0  0  0  0  15/28  17:56   0:54   1:56 
Remi Elie                0  0  0  -1  0   2  0  0  0  0  0/1     7:36   0:00   0:00 
Ryan Murray              0  0  0   1  0   2  0  2  0  0  0/0    19:17   0:00   1:49 
Tyler Myers              0  0  0  -2  0   1  1  0  0  0  0/0    25:30   0:54   2:59 
Victor Hedman            0  0  0  -2  4   1  3  2  0  0  0/0    23:54   0:54   1:25 
Zach Hyman               1  0  1   1  0   6  2  1  0  0  0/0    18:16   0:00   3:10 

3 Stars

1 - Kevin Hayes (NJD)
2 - Dustin Brown (NJD)
3 - Bo Horvat (NJD)

Power Play

Devils - 1 on 3 Attempt(s) - 33.33%
Sabres - 0 on 1 Attempt(s) - 0.00%

Penalty Kill

Devils - 1 on 1 Attempt(s) - 100.00% - Score 0 goal in Penalty Kill
Sabres - 2 on 3 Attempt(s) - 66.67% - Score 0 goal in Penalty Kill

Team Stat

Devils - Hits : 26 - Faceoff Wins : 43 - Blocked Shots : 13 - Penalty Minutes : 2
Sabres - Hits : 20 - Faceoff Wins : 46 - Blocked Shots : 7 - Penalty Minutes : 6

Official

Referees : Kyle Rehman and Garrett Rank
Linesman : Brian Murphy and Mark Wheler

Game Notes

Tim Heed is injured at 3:01 of 2nd period (Sprained Left Ankle)
Kevin Hayes has scored a Hat Trick!
Michael Hutchinson enters game at 7:41 of 2nd period

Finance

Level 1 -- Attendance: 5855 (90.08%) -- Ticket Income 585 500 $
Level 2 -- Attendance: 4706 (94.12%) -- Ticket Income 352 950 $
Level 3 -- Attendance: 3460 (98.86%) -- Ticket Income 173 000 $
Level 4 -- Attendance: 2825 (92.02%) -- Ticket Income 70 625 $
Luxury Box -- Attendance: 794 (79.40%) -- Ticket Income 198 500 $
Game was played at the First Niagara Center.
Total Attendance: 17640 (92.50%)
Total Ticket Income: 1 380 575 $
Other Income: 676 482 $
Total Income: 2 057 057 $

% Time on Ice - Devils

Lines # - Real PCT - Wanted PCT - Time Play
Normal Forward
1 - 36% - 40% - 19:00
2 - 31% - 30% - 16:28
3 - 26% - 20% - 14:01
4 - 6% - 10% - 3:26
Normal Defense
1 - 33% - 40% - 17:23
2 - 28% - 30% - 14:49
3 - 38% - 20% - 19:57
4 - 1% - 10% - 0:46
PP Forward
1 - 52% - 60% - 2:40
2 - 48% - 40% - 2:26
PP Defense
1 - 50% - 60% - 2:33
2 - 50% - 40% - 2:33
PK Forward
1 - 76% - 60% - 1:30
2 - 24% - 40% - 0:29
PK Defense
1 - 42% - 60% - 0:50
2 - 58% - 40% - 1:09
PK3 Forward
1 - 0% - 60%
2 - 0% - 40%
PK3 Defense
1 - 0% - 60%
2 - 0% - 40%
44 Forward
1 - 0% - 60%
2 - 0% - 40%
44 Defense
1 - 0% - 60%
2 - 0% - 40%
Last Minute Offensive  - 0:00
Last Minute Defensive  - 0:00
Total
Forward - 60:00
Defense - 60:00

% Time on Ice - Sabres

Lines # - Real PCT - Wanted PCT - Time Play
Normal Forward
1 - 34% - 40% - 17:55
2 - 29% - 30% - 15:06
3 - 23% - 25% - 12:18
4 - 14% - 5% - 7:36
Normal Defense
1 - 36% - 40% - 19:13
2 - 33% - 30% - 17:28
3 - 26% - 20% - 13:50
4 - 5% - 10% - 2:24
PP Forward
1 - 55% - 60% - 1:05
2 - 45% - 40% - 0:54
PP Defense
1 - 45% - 60% - 0:54
2 - 55% - 40% - 1:05
PK Forward
1 - 62% - 60% - 3:10
2 - 38% - 40% - 1:56
PK Defense
1 - 64% - 60% - 3:17
2 - 36% - 40% - 1:49
PK3 Forward
1 - 0% - 60%
2 - 0% - 40%
PK3 Defense
1 - 0% - 60%
2 - 0% - 40%
44 Forward
1 - 0% - 60%
2 - 0% - 40%
44 Defense
1 - 0% - 60%
2 - 0% - 40%
Last Minute Offensive  - 0:00
Last Minute Defensive  - 0:00
Total
Forward - 60:00
Defense - 60:00

Play-by-Play

1st period


0:01 of 1st period - Nicklas Backstrom wins face-off versus Kyle Turris in neutral zone.
1:04 of 1st period - Anders Lee is hit by Ryan Pulock and loses puck.
1:19 of 1st period - Shot by Jason Zucker.
1:19 of 1st period - Stopped by Antti Niemi with a rebound.
1:21 of 1st period - Shot by Jason Zucker.
1:21 of 1st period - Shot Misses the Net.
1:25 of 1st period - Shot by Jason Zucker.
1:25 of 1st period - Shot Misses the Net.
1:27 of 1st period - Shot by Jake McCabe.
1:27 of 1st period - Shot Blocked by Travis Dermott.
1:29 of 1st period - Shot by Ryan Murray.
1:29 of 1st period - Shot Blocked by Bo Horvat.
1:31 of 1st period - Shot by Ryan Murray.
1:31 of 1st period - Shot Misses the Net.
1:33 of 1st period - Shot by Zach Hyman.
1:33 of 1st period - Stopped by Antti Niemi without a rebound.
1:34 of 1st period - Jordan Staal wins face-off versus Brock Nelson in Devils zone.
1:43 of 1st period - Shot by Pavel Zacha.
1:43 of 1st period - Shot Misses the Net.
2:40 of 1st period - Icing by Paul Stastny.
2:41 of 1st period - Paul Stastny wins face-off versus Bo Horvat in Sabres zone.
2:41 of 1st period - Paul Stastny is hit by Darren Helm.
2:46 of 1st period - Icing by Paul Stastny.
2:47 of 1st period - Bo Horvat wins face-off versus Paul Stastny in Sabres zone.
3:26 of 1st period - Shot by Sam Reinhart.
3:26 of 1st period - Stopped by Matt Murray without a rebound.
3:27 of 1st period - Nicklas Backstrom wins face-off versus Kyle Turris in Sabres zone.
3:47 of 1st period - Icing by Kevin Hayes.
3:48 of 1st period - Brock Nelson wins face-off versus Nicklas Backstrom in Devils zone.
4:01 of 1st period - Shot by Nicklas Backstrom.
4:01 of 1st period - Shot Misses the Net.
4:03 of 1st period - Shot by Kevin Hayes.
4:03 of 1st period - Goal by Kevin Hayes - Devils : 1 - Sabres : 0.
4:04 of 1st period - Anders Lee wins face-off versus Jordan Staal in neutral zone.
4:15 of 1st period - Shot by Josh Bailey.
4:15 of 1st period - Stopped by Antti Niemi without a rebound.
4:16 of 1st period - Brock Nelson wins face-off versus Bo Horvat in Devils zone.
5:00 of 1st period - Icing by Dakota Mermis.
5:01 of 1st period - Bo Horvat wins face-off versus Kyle Turris in Devils zone.
5:52 of 1st period - Off-side.
5:53 of 1st period - Paul Stastny wins face-off versus Jordan Staal in neutral zone.
6:00 of 1st period - Shot by Paul Stastny.
6:00 of 1st period - Shot Misses the Net.
6:04 of 1st period - Shot by Zach Hyman.
6:04 of 1st period - Shot Blocked by Ryan Pulock.
6:06 of 1st period - Shot by Zach Hyman.
6:06 of 1st period - Shot Hit the Post.
6:08 of 1st period - Shot by Ryan Murray.
6:08 of 1st period - Stopped by Antti Niemi without a rebound.
6:09 of 1st period - Bo Horvat wins face-off versus Brett Connolly in Devils zone.
6:22 of 1st period - Shot by Brett Connolly.
6:22 of 1st period - Shot Misses the Net.
6:24 of 1st period - Shot by Remi Elie.
6:24 of 1st period - Shot Blocked by Tim Heed.
6:26 of 1st period - Shot by Dan Girardi.
6:26 of 1st period - Shot Misses the Net.
6:28 of 1st period - Shot by Adam Pelech.
6:28 of 1st period - Stopped by Antti Niemi without a rebound.
6:29 of 1st period - Paul Stastny wins face-off versus Antoine Vermette in Devils zone.
6:29 of 1st period - Paul Stastny is hit by Shayne Gostisbehere.
6:33 of 1st period - Shot by Zach Hyman.
6:33 of 1st period - Goal by Zach Hyman - Devils : 1 - Sabres : 1.
6:34 of 1st period - Paul Stastny wins face-off versus Antoine Vermette in neutral zone.
7:06 of 1st period - Shot by Jason Zucker.
7:06 of 1st period - Shot Misses the Net.
7:35 of 1st period - Shot by Eric Fehr.
7:35 of 1st period - Stopped by Matt Murray without a rebound.
7:36 of 1st period - Bo Horvat wins face-off versus Josh Bailey in Sabres zone.
8:05 of 1st period - Shot by Sam Reinhart.
8:05 of 1st period - Stopped by Matt Murray without a rebound.
8:06 of 1st period - Jordan Staal wins face-off versus Brock Nelson in Sabres zone.
8:17 of 1st period - Shot by Eric Fehr.
8:17 of 1st period - Deflect By Pavel Zacha.
8:17 of 1st period - Shot Misses the Net.
8:19 of 1st period - Shot by Eric Fehr.
8:19 of 1st period - Goal by Eric Fehr - Devils : 2 - Sabres : 1.
8:20 of 1st period - Kyle Criscuolo wins face-off versus Nicklas Backstrom in neutral zone.
9:02 of 1st period - Icing by Justin Schultz.
9:03 of 1st period - Kyle Turris wins face-off versus Nicklas Backstrom in Devils zone.
9:03 of 1st period - Kyle Turris is hit by Shayne Gostisbehere.
9:12 of 1st period - Anders Lee is hit by Justin Schultz and loses puck.
10:05 of 1st period - Josh Ho-Sang is hit by Shayne Gostisbehere and loses puck.
10:10 of 1st period - Shot by Brock Nelson.
10:10 of 1st period - Shot Misses the Net.
10:12 of 1st period - Shot by Justin Bailey.
10:12 of 1st period - Shot Misses the Net.
10:14 of 1st period - Shot by Adam Pelech.
10:14 of 1st period - Stopped by Antti Niemi without a rebound.
10:15 of 1st period - Jordan Staal wins face-off versus Jason Zucker in Devils zone.
10:31 of 1st period - Shot by Jordan Staal.
10:31 of 1st period - Stopped by Matt Murray without a rebound.
10:32 of 1st period - Kyle Criscuolo wins face-off versus Bo Horvat in Sabres zone.
10:32 of 1st period - Kyle Criscuolo is hit by Sam Reinhart.
10:43 of 1st period - Icing by Dakota Mermis.
10:44 of 1st period - Bo Horvat wins face-off versus Kyle Turris in Devils zone.
10:50 of 1st period - Shot by Bo Horvat.
10:50 of 1st period - Shot Misses the Net.
10:58 of 1st period - Shot by Sam Reinhart.
10:58 of 1st period - Stopped by Matt Murray without a rebound.
10:59 of 1st period - Jordan Staal wins face-off versus Brock Nelson in Sabres zone.
10:59 of 1st period - Travis Dermott is hit by Jake McCabe.
11:19 of 1st period - Icing by Jake McCabe.
11:20 of 1st period - Brock Nelson wins face-off versus Bo Horvat in Sabres zone.
11:52 of 1st period - Icing by Bo Horvat.
11:53 of 1st period - Bo Horvat wins face-off versus Kyle Turris in Devils zone.
12:08 of 1st period - Shot by Sam Reinhart.
12:08 of 1st period - Shot Misses the Net.
12:11 of 1st period - Icing by Anders Lee.
12:12 of 1st period - Nicklas Backstrom wins face-off versus Kyle Turris in Sabres zone.
12:14 of 1st period - Minor Penalty to Victor Hedman for Hooking.
12:15 of 1st period - Brock Nelson wins face-off versus Nicklas Backstrom in Sabres zone.
12:20 of 1st period - Kevin Hayes is hit by Zach Hyman and loses puck.
12:37 of 1st period - Shot by Brock Nelson.
12:37 of 1st period - Shot Misses the Net.
12:58 of 1st period - Icing by Kevin Hayes.
12:59 of 1st period - Nicklas Backstrom wins face-off versus Paul Stastny in Devils zone.
13:04 of 1st period - Dan Girardi is hit by Dustin Brown and loses puck.
13:40 of 1st period - Shot by Sam Reinhart.
13:40 of 1st period - Stopped by Matt Murray without a rebound.
13:41 of 1st period - Bo Horvat wins face-off versus Paul Stastny in Sabres zone.
13:41 of 1st period - Sam Reinhart is hit by Dan Girardi and loses puck.
13:44 of 1st period - Shot by Ryan Pulock.
13:44 of 1st period - Stopped by Matt Murray without a rebound.
13:45 of 1st period - Paul Stastny wins face-off versus Bo Horvat in Sabres zone.
13:45 of 1st period - Paul Stastny is hit by Darren Helm.
14:14 of 1st period - Darren Helm is hit by Victor Hedman and loses puck.
14:20 of 1st period - Icing by Victor Hedman.
14:21 of 1st period - Kyle Criscuolo wins face-off versus Nicklas Backstrom in Sabres zone.
14:21 of 1st period - Kyle Criscuolo is hit by Dustin Brown.
14:29 of 1st period - Brett Connolly is hit by Justin Schultz and loses puck.
14:45 of 1st period - Icing by Shayne Gostisbehere.
14:46 of 1st period - Kyle Turris wins face-off versus Dustin Brown in Devils zone.
14:56 of 1st period - Anders Lee is hit by Shayne Gostisbehere and loses puck.
15:02 of 1st period - Kyle Turris is hit by Shayne Gostisbehere and loses puck.
15:12 of 1st period - Kyle Turris is hit by Justin Schultz and loses puck.
15:15 of 1st period - Shot by Ryan Murray.
15:15 of 1st period - Stopped by Antti Niemi without a rebound.
15:16 of 1st period - Paul Stastny wins face-off versus Jordan Staal in Devils zone.
15:44 of 1st period - Icing by Dan Girardi.
15:45 of 1st period - Paul Stastny wins face-off versus Bo Horvat in Sabres zone.
15:45 of 1st period - Paul Stastny is hit by Bo Horvat.
17:12 of 1st period - Shot by Josh Bailey.
17:12 of 1st period - Stopped by Antti Niemi without a rebound.
17:13 of 1st period - Brock Nelson wins face-off versus Jordan Staal in Devils zone.
18:38 of 1st period - Shot by Remi Elie.
18:38 of 1st period - Shot Misses the Net.
19:06 of 1st period - Shot by Josh Bailey.
19:06 of 1st period - Stopped by Antti Niemi without a rebound.
19:07 of 1st period - Paul Stastny wins face-off versus Bo Horvat in Devils zone.
19:45 of 1st period - Sam Reinhart is hit by Jason Zucker and loses puck.
Goals for this period are 2 for Devils vs 1 for Sabres.
Shots for this period are 9 for Devils vs 10 for Sabres.

2nd period


0:01 of 2nd period - Kyle Turris wins face-off versus Nicklas Backstrom in neutral zone.
0:10 of 2nd period - Shot by Kevin Hayes.
0:10 of 2nd period - Goal by Kevin Hayes - Devils : 3 - Sabres : 1.
0:11 of 2nd period - Jordan Staal wins face-off versus Brock Nelson in neutral zone.
0:49 of 2nd period - Shot by Jordan Staal.
0:49 of 2nd period - Shot Hit the Post.
1:17 of 2nd period - Shot by Nicklas Backstrom.
1:17 of 2nd period - Shot Misses the Net.
1:19 of 2nd period - Shot by Kevin Hayes.
1:19 of 2nd period - Shot Blocked by Ryan Murray.
1:44 of 2nd period - Icing by Jake McCabe.
1:45 of 2nd period - Kyle Turris wins face-off versus Darren Helm in Sabres zone.
1:45 of 2nd period - Kyle Turris is hit by Darren Helm.
2:59 of 2nd period - Shot by Brett Connolly.
2:59 of 2nd period - Shot Misses the Net.
3:01 of 2nd period - Shot by Tyler Myers.
3:01 of 2nd period - Shot Blocked by Tim Heed.
3:01 of 2nd period - Tim Heed from Devils is injured at 3:01 of 2nd period (Sprained Left Ankle).
3:02 of 2nd period - Nicklas Backstrom wins face-off versus Brock Nelson in Devils zone.
3:56 of 2nd period - Shot by Eric Fehr.
3:56 of 2nd period - Stopped by Matt Murray without a rebound.
3:57 of 2nd period - Paul Stastny wins face-off versus Jordan Staal in Sabres zone.
4:03 of 2nd period - Minor Penalty to Ryan Pulock for Hooking.
4:04 of 2nd period - Kyle Turris wins face-off versus Nicklas Backstrom in Devils zone.
4:23 of 2nd period - Shot by Anders Lee.
4:23 of 2nd period - Stopped by Antti Niemi without a rebound.
4:24 of 2nd period - Paul Stastny wins face-off versus Nicklas Backstrom in Devils zone.
4:57 of 2nd period - Shot by Victor Hedman.
4:57 of 2nd period - Stopped by Antti Niemi without a rebound.
4:58 of 2nd period - Jordan Staal wins face-off versus Kyle Turris in Devils zone.
4:58 of 2nd period - Jordan Staal is hit by Josh Bailey.
5:10 of 2nd period - Shot by Anders Lee.
5:10 of 2nd period - Stopped by Antti Niemi with a rebound.
5:58 of 2nd period - Shot by Tyler Myers.
5:58 of 2nd period - Shot Blocked by Justin Schultz.
6:00 of 2nd period - Shot by Brock Nelson.
6:00 of 2nd period - Stopped by Antti Niemi without a rebound.
6:01 of 2nd period - Paul Stastny wins face-off versus Nicklas Backstrom in Devils zone.
6:02 of 2nd period - Shot by Victor Hedman.
6:02 of 2nd period - Shot Misses the Net.
6:12 of 2nd period - Shot by Remi Elie.
6:12 of 2nd period - Stopped by Antti Niemi with a rebound.
6:33 of 2nd period - Minor Penalty to Victor Hedman for Holding.
6:34 of 2nd period - Brock Nelson wins face-off versus Bo Horvat in Sabres zone.
7:34 of 2nd period - Ryan Pulock is hit by Dan Girardi and loses puck.
7:39 of 2nd period - Shot by Nicklas Backstrom.
7:39 of 2nd period - Shot Misses the Net.
7:41 of 2nd period - Shot by Kevin Hayes.
7:41 of 2nd period - Goal by Kevin Hayes - Devils : 4 - Sabres : 1.
7:41 of 2nd period - Michael Hutchinson enters game.
7:42 of 2nd period - Kyle Criscuolo wins face-off versus Pavel Zacha in neutral zone.
8:00 of 2nd period - Pavel Zacha is hit by Jake McCabe.
8:50 of 2nd period - Sam Reinhart is hit by Tyler Myers and loses puck.
9:01 of 2nd period - Shot by Sam Reinhart.
9:01 of 2nd period - Shot Misses the Net.
9:03 of 2nd period - Shot by Shayne Gostisbehere.
9:03 of 2nd period - Stopped by Michael Hutchinson with a rebound.
9:28 of 2nd period - Icing by Kevin Hayes.
9:29 of 2nd period - Nicklas Backstrom wins face-off versus Paul Stastny in Devils zone.
9:31 of 2nd period - Icing by Kevin Hayes.
9:32 of 2nd period - Nicklas Backstrom wins face-off versus Paul Stastny in Devils zone.
9:52 of 2nd period - Icing by Dustin Brown.
9:53 of 2nd period - Nicklas Backstrom wins face-off versus Brock Nelson in Devils zone.
10:44 of 2nd period - Shot by Sam Reinhart.
10:44 of 2nd period - Deflect By Bo Horvat.
10:44 of 2nd period - Stopped by Michael Hutchinson with a rebound.
11:22 of 2nd period - Shot by Jordan Staal.
11:22 of 2nd period - Shot Hit the Post.
11:32 of 2nd period - Shot by Jordan Staal.
11:32 of 2nd period - Shot Misses the Net.
11:34 of 2nd period - Shot by Eric Fehr.
11:34 of 2nd period - Stopped by Michael Hutchinson without a rebound.
11:35 of 2nd period - Nicklas Backstrom wins face-off versus Paul Stastny in Sabres zone.
11:40 of 2nd period - Shot by Kevin Hayes.
11:40 of 2nd period - Shot Blocked by Jake McCabe.
11:46 of 2nd period - Shot by Jason Zucker.
11:46 of 2nd period - Shot Misses the Net.
11:48 of 2nd period - Shot by Ryan Murray.
11:48 of 2nd period - Deflect By Paul Stastny.
11:48 of 2nd period - Shot Blocked by Justin Schultz.
11:50 of 2nd period - Shot by Ryan Murray.
11:50 of 2nd period - Shot Blocked by Dustin Brown.
11:52 of 2nd period - Shot by Ryan Murray.
11:52 of 2nd period - Shot Blocked by Dustin Brown.
11:54 of 2nd period - Shot by Ryan Murray.
11:54 of 2nd period - Shot Misses the Net.
11:56 of 2nd period - Shot by Paul Stastny.
11:56 of 2nd period - Shot Misses the Net.
12:12 of 2nd period - Shot by Jason Zucker.
12:12 of 2nd period - Shot Blocked by Justin Schultz.
12:30 of 2nd period - Shot by Anders Lee.
12:30 of 2nd period - Stopped by Antti Niemi without a rebound.
12:31 of 2nd period - Bo Horvat wins face-off versus Remi Elie in Devils zone.
12:36 of 2nd period - Tyler Myers is hit by Darren Helm and loses puck.
14:01 of 2nd period - Off-side.
14:02 of 2nd period - Nicklas Backstrom wins face-off versus Paul Stastny in neutral zone.
15:05 of 2nd period - Off-side.
15:06 of 2nd period - Kyle Turris wins face-off versus Bo Horvat in neutral zone.
16:04 of 2nd period - Off-side.
16:05 of 2nd period - Antoine Vermette wins face-off versus Jason Zucker in neutral zone.
16:19 of 2nd period - Shot by Antoine Vermette.
16:19 of 2nd period - Shot Blocked by Victor Hedman.
16:21 of 2nd period - Shot by Antoine Vermette.
16:21 of 2nd period - Shot Blocked by Victor Hedman.
16:23 of 2nd period - Shot by Nicklas Backstrom.
16:23 of 2nd period - Stopped by Michael Hutchinson without a rebound.
16:24 of 2nd period - Jordan Staal wins face-off versus Brock Nelson in Sabres zone.
16:55 of 2nd period - Shot by Pavel Zacha.
16:55 of 2nd period - Shot Blocked by Jake McCabe.
17:21 of 2nd period - Icing by Tyler Myers.
17:22 of 2nd period - Paul Stastny wins face-off versus Nicklas Backstrom in Sabres zone.
17:37 of 2nd period - Shot by Tyler Myers.
17:37 of 2nd period - Stopped by Antti Niemi with a rebound.
18:12 of 2nd period - Justin Schultz is hit by Adam Pelech and loses puck.
18:25 of 2nd period - Shot by Kyle Turris.
18:25 of 2nd period - Shot Blocked by Justin Schultz.
18:35 of 2nd period - Shot by Josh Bailey.
18:35 of 2nd period - Shot Misses the Net.
18:37 of 2nd period - Shot by Josh Bailey.
18:37 of 2nd period - Shot Misses the Net.
18:39 of 2nd period - Shot by Josh Bailey.
18:39 of 2nd period - Stopped by Antti Niemi without a rebound.
18:40 of 2nd period - Brock Nelson wins face-off versus Bo Horvat in Devils zone.
18:59 of 2nd period - Shot by Sam Reinhart.
18:59 of 2nd period - Stopped by Michael Hutchinson with a rebound.
19:01 of 2nd period - Shot by Darren Helm.
19:01 of 2nd period - Shot Misses the Net.
19:03 of 2nd period - Shot by Darren Helm.
19:03 of 2nd period - Stopped by Michael Hutchinson without a rebound.
19:04 of 2nd period - Jordan Staal wins face-off versus Kyle Criscuolo in Sabres zone.
19:09 of 2nd period - Shot by Jordan Staal.
19:09 of 2nd period - Shot Misses the Net.
Goals for this period are 2 for Devils vs 0 for Sabres.
Shots for this period are 9 for Devils vs 8 for Sabres.

3rd period


0:01 of 3rd period - Kyle Turris wins face-off versus Nicklas Backstrom in neutral zone.
0:26 of 3rd period - Shot by Anders Lee.
0:26 of 3rd period - Stopped by Antti Niemi without a rebound.
0:27 of 3rd period - Bo Horvat wins face-off versus Paul Stastny in Devils zone.
0:38 of 3rd period - Shot by Zach Hyman.
0:38 of 3rd period - Stopped by Antti Niemi with a rebound.
0:46 of 3rd period - Shot by Darren Helm.
0:46 of 3rd period - Shot Blocked by Ryan Murray.
1:25 of 3rd period - Tyler Myers is hit by Dustin Brown and loses puck.
1:38 of 3rd period - Shot by Anders Lee.
1:38 of 3rd period - Stopped by Antti Niemi without a rebound.
1:39 of 3rd period - Jordan Staal wins face-off versus Brock Nelson in Devils zone.
1:39 of 3rd period - Jordan Staal is hit by Justin Bailey.
1:57 of 3rd period - Off-side.
1:58 of 3rd period - Kyle Turris wins face-off versus Mike Cammalleri in neutral zone.
2:12 of 3rd period - Minor Penalty to Josh Bailey for Hooking.
2:13 of 3rd period - Bo Horvat wins face-off versus Brock Nelson in Sabres zone.
2:38 of 3rd period - Shot by Justin Schultz.
2:38 of 3rd period - Shot Blocked by Zach Hyman.
2:42 of 3rd period - Shot by Shayne Gostisbehere.
2:42 of 3rd period - Shot Misses the Net.
2:44 of 3rd period - Shot by Justin Schultz.
2:44 of 3rd period - Shot Hit the Post.
2:46 of 3rd period - Shot by Justin Schultz.
2:46 of 3rd period - Stopped by Michael Hutchinson without a rebound.
2:47 of 3rd period - Nicklas Backstrom wins face-off versus Brock Nelson in Sabres zone.
2:52 of 3rd period - Shot by Nicklas Backstrom.
2:52 of 3rd period - Deflect By Kevin Hayes.
2:52 of 3rd period - Stopped by Michael Hutchinson with a rebound.
3:35 of 3rd period - Icing by Kevin Hayes.
3:36 of 3rd period - Nicklas Backstrom wins face-off versus Paul Stastny in Devils zone.
3:43 of 3rd period - Tyler Myers is hit by Dustin Brown.
3:54 of 3rd period - Nicklas Backstrom is hit by Victor Hedman and loses puck.
4:48 of 3rd period - Shot by Remi Elie.
4:48 of 3rd period - Stopped by Antti Niemi with a rebound.
6:43 of 3rd period - Shot by Scott Wilson.
6:43 of 3rd period - Stopped by Michael Hutchinson without a rebound.
6:44 of 3rd period - Bo Horvat wins face-off versus Anders Lee in Sabres zone.
7:06 of 3rd period - Shot by Bo Horvat.
7:06 of 3rd period - Deflect By Sam Reinhart.
7:06 of 3rd period - Shot Misses the Net.
7:08 of 3rd period - Shot by Sam Reinhart.
7:08 of 3rd period - Stopped by Michael Hutchinson without a rebound.
7:09 of 3rd period - Paul Stastny wins face-off versus Jordan Staal in Sabres zone.
7:30 of 3rd period - Justin Schultz is hit by Zach Hyman.
7:39 of 3rd period - Pavel Zacha is hit by Jake McCabe and loses puck.
8:12 of 3rd period - Shot by Nicklas Backstrom.
8:12 of 3rd period - Stopped by Michael Hutchinson without a rebound.
8:13 of 3rd period - Kyle Criscuolo wins face-off versus Bo Horvat in Sabres zone.
8:19 of 3rd period - Victor Hedman is hit by Sam Reinhart and loses puck.
8:30 of 3rd period - Shot by Sam Reinhart.
8:30 of 3rd period - Shot Misses the Net.
8:32 of 3rd period - Shot by Bo Horvat.
8:32 of 3rd period - Goal by Bo Horvat - Devils : 5 - Sabres : 1.
8:33 of 3rd period - Kyle Turris wins face-off versus Nicklas Backstrom in neutral zone.
8:50 of 3rd period - Shot by Josh Bailey.
8:50 of 3rd period - Shot Misses the Net.
9:01 of 3rd period - Icing by Tyler Myers.
9:02 of 3rd period - Anders Lee wins face-off versus Bo Horvat in Sabres zone.
9:26 of 3rd period - Icing by Darren Helm.
9:27 of 3rd period - Bo Horvat wins face-off versus Paul Stastny in Devils zone.
9:54 of 3rd period - Jake McCabe is hit by Nicklas Backstrom.
10:18 of 3rd period - Shot by Nicklas Backstrom.
10:18 of 3rd period - Shot Misses the Net.
10:20 of 3rd period - Shot by Dustin Brown.
10:20 of 3rd period - Stopped by Michael Hutchinson without a rebound.
10:21 of 3rd period - Jordan Staal wins face-off versus Brock Nelson in Sabres zone.
10:32 of 3rd period - Dakota Mermis is hit by Justin Bailey and loses puck.
10:43 of 3rd period - Shot by Justin Bailey.
10:43 of 3rd period - Shot Blocked by Dakota Mermis.
10:45 of 3rd period - Shot by Adam Pelech.
10:45 of 3rd period - Goal by Adam Pelech - Devils : 5 - Sabres : 2.
10:46 of 3rd period - Bo Horvat wins face-off versus Kyle Turris in neutral zone.
10:46 of 3rd period - Shayne Gostisbehere is hit by Josh Bailey and loses puck.
10:50 of 3rd period - Justin Schultz is hit by Victor Hedman and loses puck.
11:11 of 3rd period - Shot by Josh Bailey.
11:11 of 3rd period - Shot Misses the Net.
11:57 of 3rd period - Icing by Dustin Brown.
11:58 of 3rd period - Nicklas Backstrom wins face-off versus Paul Stastny in Devils zone.
12:23 of 3rd period - Shot by Jake McCabe.
12:23 of 3rd period - Stopped by Antti Niemi without a rebound.
12:24 of 3rd period - Brock Nelson wins face-off versus Jordan Staal in Devils zone.
12:27 of 3rd period - Shot by Brock Nelson.
12:27 of 3rd period - Stopped by Antti Niemi without a rebound.
12:28 of 3rd period - Justin Bailey wins face-off versus Jordan Staal in Devils zone.
12:28 of 3rd period - Justin Bailey is hit by Travis Dermott.
12:31 of 3rd period - Josh Ho-Sang is hit by Travis Dermott and loses puck.
12:34 of 3rd period - Shot by Justin Bailey.
12:34 of 3rd period - Stopped by Antti Niemi with a rebound.
12:43 of 3rd period - Icing by Ryan Pulock.
12:44 of 3rd period - Paul Stastny wins face-off versus Pavel Zacha in Devils zone.
13:09 of 3rd period - Icing by Eric Fehr.
13:10 of 3rd period - Kyle Turris wins face-off versus Jordan Staal in Devils zone.
13:26 of 3rd period - Off-side.
13:27 of 3rd period - Brock Nelson wins face-off versus Nicklas Backstrom in neutral zone.
13:30 of 3rd period - Shot by Josh Ho-Sang.
13:30 of 3rd period - Stopped by Antti Niemi without a rebound.
13:31 of 3rd period - Kyle Turris wins face-off versus Dustin Brown in Devils zone.
13:48 of 3rd period - Shot by Josh Bailey.
13:48 of 3rd period - Shot Misses the Net.
13:54 of 3rd period - Shot by Kyle Turris.
13:54 of 3rd period - Stopped by Antti Niemi with a rebound.
13:56 of 3rd period - Shot by Kyle Turris.
13:56 of 3rd period - Shot Misses the Net.
14:09 of 3rd period - Josh Bailey is hit by Shayne Gostisbehere and loses puck.
14:19 of 3rd period - Icing by Justin Schultz.
14:20 of 3rd period - Nicklas Backstrom wins face-off versus Paul Stastny in Devils zone.
14:29 of 3rd period - Shot by Zach Hyman.
14:29 of 3rd period - Stopped by Antti Niemi with a rebound.
14:35 of 3rd period - Shot by Paul Stastny.
14:35 of 3rd period - Stopped by Antti Niemi without a rebound.
14:36 of 3rd period - Bo Horvat wins face-off versus Brock Nelson in Devils zone.
14:36 of 3rd period - Travis Dermott is hit by Brock Nelson and loses puck.
14:45 of 3rd period - Shot by Justin Bailey.
14:45 of 3rd period - Shot Misses the Net.
14:47 of 3rd period - Shot by Brock Nelson.
14:47 of 3rd period - Stopped by Antti Niemi without a rebound.
14:48 of 3rd period - Paul Stastny wins face-off versus Pavel Zacha in Devils zone.
15:02 of 3rd period - Paul Stastny is hit by Dakota Mermis.
15:24 of 3rd period - Off-side.
15:25 of 3rd period - Bo Horvat wins face-off versus Kyle Turris in neutral zone.
15:32 of 3rd period - Shot by Bo Horvat.
15:32 of 3rd period - Stopped by Michael Hutchinson without a rebound.
15:33 of 3rd period - Kyle Turris wins face-off versus Nicklas Backstrom in Sabres zone.
15:42 of 3rd period - Justin Schultz is hit by Kyle Turris and loses puck.
15:50 of 3rd period - Anders Lee is hit by Shayne Gostisbehere and loses puck.
16:46 of 3rd period - Shot by Sam Reinhart.
16:46 of 3rd period - Stopped by Michael Hutchinson with a rebound.
16:48 of 3rd period - Shot by Darren Helm.
16:48 of 3rd period - Deflect By Sam Reinhart.
16:48 of 3rd period - Stopped by Michael Hutchinson without a rebound.
16:49 of 3rd period - Brock Nelson wins face-off versus Jordan Staal in Sabres zone.
17:02 of 3rd period - Shot by Justin Bailey.
17:02 of 3rd period - Stopped by Antti Niemi without a rebound.
17:03 of 3rd period - Bo Horvat wins face-off versus Kyle Criscuolo in Devils zone.
18:38 of 3rd period - Dustin Brown is hit by Kyle Turris and loses puck.
18:54 of 3rd period - Icing by Adam Pelech.
18:55 of 3rd period - Antoine Vermette wins face-off versus Paul Stastny in Sabres zone.
19:26 of 3rd period - Shot by Zach Hyman.
19:26 of 3rd period - Shot Blocked by Antoine Vermette.
19:28 of 3rd period - Shot by Zach Hyman.
19:28 of 3rd period - Stopped by Antti Niemi with a rebound.
19:30 of 3rd period - Shot by Zach Hyman.
19:30 of 3rd period - Stopped by Antti Niemi without a rebound.
19:31 of 3rd period - Bo Horvat wins face-off versus Justin Bailey in Devils zone.
19:48 of 3rd period - Icing by Shayne Gostisbehere.
19:49 of 3rd period - Kyle Turris wins face-off versus Bo Horvat in Devils zone.
19:58 of 3rd period - Shot by Anders Lee.
19:58 of 3rd period - Stopped by Antti Niemi with a rebound.
Goals for this period are 1 for Devils vs 1 for Sabres.
Shots for this period are 10 for Devils vs 17 for Sabres.